 Dungeon Crawl Stone Soup version 0.24-a0-157-g36218c0 (webtiles) character file.

Game seed: 13593650619687317645

143 Gunnerkreig the Conjurer (level 5, -1/38 HPs)
             Began as a Draconian Wizard on Mar 4, 2019.
             Slain by a worker ant (6 damage)
             ... on level 3 of the Dungeon.
             The game lasted 00:15:45 (3868 turns).

Gunnerkreig the Conjurer (Draconian Wizard)         Turns: 3868, Time: 00:15:46

Health: -1/38      AC:  5    Str:  9    XL:     5   Next: 4%
Magic:  0/10       EV: 12    Int: 19    God:
Gold:   151        SH:  0    Dex: 10    Spells: 7/11 levels left

rFire    . . .     SeeInvis .   e - +1 hunting sling (flame)
rCold    . . .     Gourm    .   (no shield)
rNeg     . . .     Faith    .   (armour unavailable)
rPois    .         Spirit   .   a - +0 hat
rElec    .         Reflect  .   (no cloak)
rCorr    .         Harm     .   (no gloves)
MR       +....                  (no boots)
Stlth    +++.......             (no amulet)
HPRegen  0.12/turn              j - ring of protection from magic
MPRegen  0.12/turn              q - ring of stealth

@: lethally poisoned (-1 -> -7), very slightly contaminated
A: unfitting armour, cold-blooded, AC +5
a: no special abilities


You were on level 3 of the Dungeon.
You were not hungry.

You visited 1 branch of the dungeon, and saw 4 of its levels.

You collected 151 gold pieces.

Inventory:

Hand Weapons
 e - a +1 hunting sling of flaming (weapon)
 k - a +0 dagger of speed
 o - a +0 spear
Missiles
 b - 135 stones (quivered)
Armour
 a - a +0 hat (worn)
Jewellery
 j - a ring of protection from magic (left hand)
 q - a ring of stealth (right hand)
Scrolls
 d - a scroll of teleportation
 g - 3 scrolls of enchant weapon
 l - a scroll of fear
 m - 2 scrolls of identify
 r - a scroll of remove curse
Potions
 f - a potion of flight
 h - a potion of agility {unknown}
 i - a potion of curing {unknown}
 n - a potion of cancellation {unknown}
 p - a potion of heal wounds {unknown}
Comestibles
 c - 5 rations
 s - 2 chunks of flesh


   Skills:
 - Level 1.7 Dodging
 - Level 1.7 Stealth
 + Level 3.9 Spellcasting
 * Level 4.0 Conjurations
   Level 1.0 Summonings
   Level 1.0 Translocations


You had 7 spell levels left.
You knew the following spells:

 Your Spells              Type           Power        Failure   Level  Hunger
a - Magic Dart            Conj           ###.         2%          1    None
b - Conjure Flame         Conj/Fire      ##......     19%         3    ###....

Your spell library contained the following spells:

 Spells                   Type           Power        Failure   Level  Hunger
 Blink                    Tloc           N/A          14%         2    ##.....
 Call Imp                 Summ           #.......     14%         2    ##.....
 Slow                     Hex            #.......     22%         2    ##.....
 Mephitic Cloud           Conj/Pois/Air  #.......     24%         3    ###....


Dungeon Overview and Level Annotations

Branches:
Dungeon (4/15)
 Temple: D:4-7

Altars:
Dithmenos
Fedhas
Kikubaaqudgha


Innate Abilities, Weirdness & Mutations

Your plain brown scales are hard. (AC +5)
You cannot fit into any form of body armour.
You are cold-blooded and may be slowed by cold attacks.


Message History

The worker ant bites you but does no damage.
Casting: Magic Dart (safe; 2% risk of failure)
Confirm with . or Enter, or press ? or * to list all spells.
Aiming: Magic Dart (safe; 2% risk of failure)
Press: ? - help, Shift-Dir - straight line, f/p - worker ant
Aim: a worker ant (heavily wounded)
The magic dart hits the worker ant but does no damage.
The worker ant is heavily wounded.
You feel sick. The worker ant bites you.
* * * LOW HITPOINT WARNING * * *
Firing (i - inventory)
b - 136 stones (quivered)
Press: ? - help, Shift-Dir - straight line, f/p - worker ant
Aim: a worker ant (heavily wounded)
You shoot a stone. The stone hits the worker ant.
The stone burns the worker ant.
The worker ant is severely wounded.
You feel sick. The worker ant bites you.
* * * LOW HITPOINT WARNING * * *
The worker ant bites you.
You die...

.....#########...###.###.......#.
........# #..#................
####.##.# #..#.##.###.......#.
####.##.## #.......# #.#...#.#.
.....#...# ##......# #.......##
######...########..### #########
#...#.....(##.# #######
#####...#.#.##a##.#### #.....#
##...[....###.#.@.....###.....#
.........## ##......#.........#
##........###.#.##....###.....#
#####...#[#.##.##.##.# #.....#
#####(..#............# #######
#.......#########.#### #####
#.##......# #.# #....
##.##.#.##.# #.# ####.###
)))......#.#######.#######....)..


You could see a worker ant.

Vanquished Creatures
  An orc wizard (D:3)
  2 adders
  2 oozes
  3 worms
  3 dart slugs
  A leopard gecko (D:3)
  4 orcs (D:3)
  6 bats
  A bat zombie (D:2)
  4 giant cockroaches
  5 goblins
  8 hobgoblins
  8 jackals (D:2)
  2 ball pythons
  4 frilled lizards
  8 kobolds
  5 rats
  A rat zombie (D:2)
68 creatures vanquished.

Notes
Turn   | Place    | Note
-------+----------+-------------------------------------------
     0 | D:1      | Gunnerkreig the Draconian Wizard began the quest for the
                  | Orb.
     0 | D:1      | Reached XP level 1. HP: 14/14 MP: 4/4
   317 | D:1      | Reached XP level 2. HP: 19/20 MP: 0/6
   448 | D:1      | Reached skill level 2 in Conjurations
  1080 | D:1      | Reached XP level 3. HP: 26/26 MP: 5/7
  1524 | D:2      | Reached skill level 3 in Conjurations
  1537 | D:2      | Found a shadowy altar of Dithmenos.
  2077 | D:1      | Learned a level 3 spell: Conjure Flame
  2419 | D:2      | Reached XP level 4. HP: 32/33 MP: 4/9
  2429 | D:2      | Found an ancient bone altar of Kikubaaqudgha.
  3476 | D:3      | Found a blossoming altar of Fedhas.
  3786 | D:3      | Reached skill level 4 in Conjurations
  3786 | D:3      | Reached XP level 5. HP: 33/38 MP: 4/10
  3868 | D:3      | Slain by a worker ant

Levels and vault maps discovered:
D:1:      tarquinn_simple_flora_water_a, layout_basic
D:2:      layout_loops_ring, lemuel_zombie_altar_kikubaaqudgha,
          nicolae_dithmenos_shadow_blocks
D:3:      layout_loops_cross, minmay_misc_feat_more_columns, fedhas_altar_2
D:4:      layout_cave_pools, first_ration,
          nicolae_ossuary_entry_false_entrances, uniq_robin, uniq_pikel

Skill      XL: |  1  2  3  4 |
---------------+-------------+-----
Conjurations   | 2 3 4 |  4.0
Dodging        | |  1.7
Stealth        | |  1.7
Spellcasting   | |  3.9
Summonings     | |  1.0
Translocations | |  1.0

Action                   |  1- 3 |  4- 6 || total
-------------------------+-------+-------++-------
Melee: Unarmed           |    45 |       ||    45
       Tailslap          |     5 |       ||     5
       Dagger            |    20 |       ||    20
 Fire: Hunting sling     |       |    20 ||    20
 Cast: Magic Dart        |   110 |    63 ||   173
       Conjure Flame     |       |     1 ||     1
  Use: Scroll            |     4 |     1 ||     5
  Eat: Chunk             |     4 |     5 ||     9
Armor: Skin              |    34 |    12 ||    46
Dodge: Dodged            |    60 |    23 ||    83

Table legend:
 A = Non-vault XP
 B = Vault XP
 C = Vault XP percentage of total XP
 D = Non-vault monster count
 E = Vault monster count
 F = Vault count percentage of total count
                 A         B        C        D         E       F
            +---------+---------+-------+---------+---------+-------
      Total |     202 |       3 |   1.5 |      66 |       2 |   2.9
            +---------+---------+-------+---------+---------+-------
        D:1 |      41 |       0 |   0.0 |      21 |       0 |   0.0
        D:2 |      66 |       3 |   4.3 |      24 |       2 |   7.7
        D:3 |      95 |       0 |   0.0 |      21 |       0 |   0.0
            +---------+---------+-------+---------+---------+-------
